[Event "*** Titled Tuesday Blitz"]
[Site "Chess.com"]
[Date "2020.05.12"]
[Round "4"]
[White "pheonixking2000"]
[Black "Dinamo81"]
[Result "1/2-1/2"]
[WhiteElo "2814"]
[BlackElo "2622"]
[TimeControl "180+1"]
[EndTime "10:40:03 PDT"]
[Termination "Game drawn - insufficient material"]

1. c4 e6 2. Nc3 d5 3. d4 a6 4. cxd5 exd5 5. Bf4 c6 6. Nf3 Bd6 7. Bg3 Ne7 8. e3 O-O 9. Rc1 Nf5 10. Bxd6 Nxd6 11. Bd3 Bf5 12. O-O Nd7 13. Bxf5 Nxf5 14. Qb3 Nd6 15. Qb4 Qe7 16. Rfe1 Rfe8 17. Na4 Rab8 18. Qb3 h5 19. Rc2 Nf6 20. h3 Nfe4 21.
Ne5 f6 22. Nd3 g5 23. Nac5 Qf7 24. Nxe4 Nxe4 25. f3 Nd6 26. Rce2 Rbd8 27. Nc5 Re7 28. Qd3 Kg7 29. a4 Qg6 30. e4 dxe4 31. fxe4 Rde8 32.
Qf3 Nf7 33. Nd3 a5 34. h4 Rd8 35. hxg5 Nxg5 36. Qf1 Rxd4 37. Nf4 Qf7 38. Qf2 Rdxe4 39.
Rxe4 Rxe4 40. Rxe4 Nxe4 41. Qe2 f5 42. Nxh5+ Kf8 43.
Nf4 Qf6 44. Qd1 Qd6 45. Qxd6+ Nxd6 46. Kf2 Nc4 47. Nd3 Ke7 48. Kf3 Kf6 49. Kf4 Nb6 50.
b3 Nd5+ 51. Kf3 b6 52. Nb2 b5 53. Nd3 Nb6 54. Nc5 bxa4 55. bxa4 Ke5 56. Nb3 Nxa4 57. Nxa5 c5 58. Nc4+ Ke6 59. Kf4 Nc3 60. g3 Nd5+ 61. Kf3 Nf6 62. Kf4 Nh5+ 63. Kf3 Kd5 64. Ne3+ Ke5 65. Nxf5 Kxf5 66. g4+ Kg5 67. gxh5 Kxh5 68.
Ke4 c4 69. Kd4 c3 70. Kxc3 1/2-1/2

[Event "*** Titled Tuesday Blitz"]
[Site "Chess.com"]
[Date "2020.05.12"]
[Round "4"]
[White "nitpicker"]
[Black "earling8018"]
[Result "1-0"]
[WhiteElo "2249"]
[BlackElo "2024"]
[TimeControl "180+1"]
[EndTime "10:40:03 PDT"]
[Termination "nitpicker won by resignation"]

1. d4 d6 2. e4 g6 3. Nc3 Bg7 4. h3 Nf6 5. Nge2 c5 6. dxc5 dxc5 7. Qxd8+ Kxd8 8. Be3 b6 9. e5 Nfd7 10. f4 Nc6 11. O-O-O Bb7 12. Rg1 Kc8 13. g4 Rd8 14. Bg2 Nf8 15. Rxd8+ Nxd8 16. Bxb7+ Kxb7 17. Rd1 Nc6 18. Nd5 g5 19. fxg5 Bxe5 20. Rf1 f6 21. gxf6 exf6 22.
Nxf6 Ne6 23. Nd7 Bd4 24. Bd2 Re8 25. c3 Bh8 26. Rf7 Re7 27. Rxe7 Nxe7 28. Nf4 Ng5 29. Nf8 h6 30. N8g6 Nxg6 31. Nxg6 Bg7 32. h4 Nf3 33.
Bf4 Kc6 34. Kd1 Kd5 35. Bb8 a6 36. Ke2 Ke4 37. Ba7 b5 38. Bxc5 Nh2 39. g5 hxg5 40. hxg5 Nf3 41. Be7 Kf5 42. Kxf3 Kxg6 43. Kg4 b4 44.
Bxb4 Be5 45. Bc5 a5 46. Bd4 Bd6 47. b3 Bh2 48. c4 Bc7 49. c5 Bd8 50. a3 Bc7 51. b4 Bd8 52. Be3 Bc7 53. b5 Bb8 54.
b6 Be5 55. c6 Kg7 56. c7 Bxc7 57. bxc7 Kf7 58. c8=Q Ke7 59. Qa6 Kd7 60. Qxa5 Kc6 61. Qe5 Kd7 62. g6 Kc6 63. g7 Kd7 64. g8=Q Kc6 65.
Qg6+ 1-0

[Event "*** Titled Tuesday Blitz"]
[Site "Chess.com"]
[Date "2020.05.12"]
[Round "4"]
[White "Pomegranate988"]
[Black "BabyFacedAssasin"]
[Result "1-0"]
[WhiteElo "2502"]
[BlackElo "2257"]
[TimeControl "180+1"]
[EndTime "10:40:04 PDT"]
[Termination "Pomegranate988 won by resignation"]

1. d4 f5 2. Bg5 g6 3. Nc3 Bg7 4. e4 fxe4 5. Nxe4 d5 6. Ng3 c5 7. Nf3 Nc6 8. c3 Qb6 9. Bd3 c4 10. Bc2 Qxb2 11. Bd2 Nf6 12. O-O O-O 13. h3 Qa3 14. Re1 b5 15. Ne5 Bb7 16. Qe2 Nxe5 17. Qxe5 Rae8 18. Qe6+ Kh8 19. Re2 b4 20. cxb4 Qb2 21.
Rc1 Qxd4 22. Be3 Qh4 23. Bxa7 d4 24. Qxc4 e5 25. Qc7 Ba6 26. Ree1 Rc8 27. Qb6 d3 28. Qxa6 d2 29. Qe2 dxe1=Q+ 30. Rxe1 e4 31. Bc5 Rfd8 32. a4 e3 33. Qxe3 Qc4 34. Qe2 Qxe2 35. Rxe2 Nd7 36. Be7 Re8 37. a5 Bf6 38. Bxf6+ Nxf6 39. Rxe8+ Rxe8 40. b5 Nd5 41. a6 Nb6 42. Be4 Kg7 43.
Bc6 Rd8 44. Ne4 Kf7 45. Kh2 Ke6 46. f4 Rh8 47. Kg3 h6 48. Kg4 h5+ 49. Kg5 Rf8 50.
Nc5+ Kd6 51. Ne4+ Ke6 52. Kxg6 Rxf4 53. Ng5+ Kd6 54. Kxh5 Rf2 55. g4 Rh2 56. h4 Rb2 57. Ne4+ Ke5 58. g5 Rh2 59. g6 Kf5 60. g7 Rg2 61.
Ng5 Rxg5+ 62. hxg5 Nd5 63. g8=Q Nf4+ 64. Kh6 1-0

[Event "*** Titled Tuesday Blitz"]
[Site "Chess.com"]
[Date "2020.05.12"]
[Round "4"]
[White "MITerryble"]
[Black "Riazantsev"]
[Result "1-0"]
[WhiteElo "2850"]
[BlackElo "2666"]
[TimeControl "180+1"]
[EndTime "10:40:05 PDT"]
[Termination "MITerryble won on time"]

1. d4 Nf6 2. Nf3 d5 3. c4 e6 4. e3 Bd6 5. b3 b6 6. Bd3 O-O 7. Bb2 Bb7 8. O-O Nbd7 9. Ne5 Qe7 10. Qc2 a6 11. Nxd7 Qxd7 12. c5 Be7 13. Nd2 b5 14.
Nf3 c6 15. Ne5 Qc7 16. f4 a5 17. a3 g6 18. g4 Nd7 19. g5 Ba6 20. h4 Nxe5 21. fxe5 Kg7 22. Qg2 b4 23. Bxa6 Rxa6 24. a4 h6 25. gxh6+ Kxh6 26. Rf4 Ra7 27. Raf1 Bd8 28.
h5 Rg8 29. Kh1 Kh7 30. Qf3 Kg7 31. hxg6 fxg6 32. Qg4 Rh8+ 33. Kg2 Qe7 34. Rf6 Rh6 35. Qxe6 Qxe6 36. Rxe6 Bg5 37. Rf3 Rc7 38. Bc1 Rh4 39. Bd2 Rg4+ 40. Rg3 Rxg3+ 41. Kxg3 Kf7 42. Rd6 Be7 43. e6+ Ke8 44. Rd7 Rxd7 45. exd7+ Kxd7 46. Kf3 Ke6 47. e4 dxe4+ 48. Kxe4 Bf6 49. Bf4 Bg7 50. Bc7 g5 51. Bxa5 g4 52. Bxb4 g3 53. Be1 g2 54.
Bf2 Bh6 55. b4 Kd7 56. b5 Bd2 57. d5 cxd5+ 58. Kxd5 Be1 59. Bg1 Kc7 60. b6+ Kb7 61. c6+ Ka6 62. b7 1-0

[Event "*** Titled Tuesday Blitz"]
[Site "Chess.com"]
[Date "2020.05.12"]
[Round "4"]
[White "ElGasanov"]
[Black "GodDMuhammad"]
[Result "1-0"]
[WhiteElo "2732"]
[BlackElo "2289"]
[TimeControl "180+1"]
[EndTime "10:40:05 PDT"]
[Termination "ElGasanov won by checkmate"]

1. d4 Nf6 2. Nf3 e6 3. c4 Bb4+ 4. Nc3 c5 5. g3 d5 6. cxd5 Nxd5 7. Bd2 Nc6 8. Nxd5 Qxd5 9. Bxb4 cxb4 10. Bg2 O-O 11.
O-O Qh5 12. Rc1 Rd8 13. Rc5 Qg6 14. Qd2 Bd7 15. Qf4 Kf8 16. Rfc1 Rac8 17. e3 f6 18. h4 Qf7 19. g4 Kg8 20. g5 Ne7 21. Rxc8 Rxc8 22.
Rxc8+ Bxc8 23. Qb8 a6 24. Qd6 Nf5 25. Qxb4 Qc7 26. Qc5 Qxc5 27. dxc5 Kf7 28. h5 Ne7 29. gxf6 gxf6 30. b4 Ke8 31. Nd4 Kd7 32. f4 Kc7 33.
Kf2 h6 34. Ke2 Bd7 35. Kd3 b6 36. cxb6+ Kxb6 37. Nb3 Bb5+ 38. Kd2 Bc4 39. Nc5 Bxa2 40. Bf1 Bd5 41. Nd7+ Kc7 42. Nxf6 Kd6 43. Bxa6 Bf3 44. Be2 Bxe2 45. Kxe2 Nf5 46. e4 Ng3+ 47. Kf3 Nf1 48. Ng4 Nd2+ 49. Ke3 Nc4+ 50. Kd4 Na3 51. Nxh6 Nb5+ 52.
Kd3 e5 53. Nf7+ Ke6 54. Nxe5 Nd6 55. h6 Kf6 56. Ng4+ Kg6 57. f5+ Kh7 58. f6 Nf7 59. e5 Kg6 60. e6 Nxh6 61. Nxh6 Kxf6 62. Kc4 Kxe6 63. Kb5 Kd6 64. Kb6 Kd7 65. b5 Kc8 66.
Kc6 Kb8 67. b6 Kc8 68. Nf7 Kb8 69. b7 Ka7 70. Kc7 Ka6 71. b8=Q Ka5 72. Qb3 Ka6 73. Qb6# 1-0

[Event "*** Titled Tuesday Blitz"]
[Site "Chess.com"]
[Date "2020.05.12"]
[Round "4"]
[White "AliKa2810"]
[Black "igorcadilhac"]
[Result "0-1"]
[WhiteElo "2525"]
[BlackElo "2345"]
[TimeControl "180+1"]
[EndTime "10:40:05 PDT"]
[Termination "igorcadilhac won on time"]

1. d4 Nf6 2. c4 e6 3. Nf3 d5 4.
Nc3 a6 5. cxd5 exd5 6. Bg5 Be7 7. e3 O-O 8. Bd3 c6 9. Qc2 Nbd7 10. h3 Re8 11.
O-O h6 12. Bf4 Nf8 13. Rad1 Ne6 14. Bh2 Ng5 15. Ne5 Bd6 16. f4 Ne6 17. Qf2 Nf8 18.
Qf3 Qb6 19. Rf2 Qc7 20. g4 N6d7 21. Rc1 Qd8 22. Ne2 Ne6 23. Ng3 Bxe5 24. dxe5 d4 25. Nf5 dxe3 26. Qxe3 Qb6 27. Qxb6 Nxb6 28. Nd6 Rd8 29.
f5 Ng5 30. Kg2 Nd5 31. h4 Nh7 32. Be4 Nf8 33. Rd2 Ne7 34. f6 Neg6 35. h5 Bxg4 36. hxg6 fxg6 37. f7+ Kh7 38. Kg3 h5 39. Rcc2 Rab8 40.
Nc4 Be6 41. Ne3 Bxf7 42. Rf2 Bg8 43. Rg2 Bf7 44. Kf2 Ne6 45. b3 Rf8 46. Kg1 Rbd8 47.
Rg3 Nd4 48. Rcg2 Rfe8 49. Bxg6+ Bxg6 50. Rxg6 Nf3+ 51. Kh1 Rd1+ 52. Bg1 Rxg1+ 53. Rxg1 Nxg1 54.
Rxg1 Rxe5 55. Rg3 h4 56. Rh3 g5 57. Kg2 Kg6 58. Kf3 Kh5 59. Rh1 Ra5 60. a4 Rc5 61. Re1 Rc3 62. b4 g4+ 0-1

[Event "*** Titled Tuesday Blitz"]
[Site "Chess.com"]
[Date "2020.05.12"]
[Round "4"]
[White "AlanZhang"]
[Black "Xtrmntr78"]
[Result "1-0"]
[WhiteElo "2182"]
[BlackElo "2389"]
[TimeControl "180+1"]
[EndTime "10:40:05 PDT"]
[Termination "AlanZhang won on time"]

1. e4 e5 2. Nf3 d5 3. Nxe5 Bd6 4. d4 dxe4 5. Nc3 Bxe5 6. dxe5 Qxd1+ 7. Kxd1 Bf5 8. Nd5 Na6 9. Bxa6 O-O-O 10. Ke2 bxa6 11. Ne3 Be6 12. b3 Ne7 13. Bb2 Ng6 14. Rhd1 Nf4+ 15. Kf1 Nd5 16. Nxd5 Bxd5 17. Bd4 Kb7 18. Rd2 Rhe8 19.
Rad1 Bc6 20. Ke2 Re7 21. Ke3 g5 22. h3 h5 23. c4 Ree8 24. Bc3 Rxd2 25. Rxd2 Kc8 26.
h4 gxh4 27. Kf4 Rg8 28. g3 h3 29. Rd1 Rg4+ 30. Ke3 h4 31. gxh4 Rxh4 32. Rh1 h2 33.
e6 f5 34. Be5 Kd8 35. Rxh2 Rxh2 36. Bxh2 Ke7 37. Bxc7 Kxe6 38. Kf4 Bd7 39. Bb8 a5 40.
Bxa7 Kd6 41. Bd4 Kc6 42. a3 a4 43. b4 Be6 44. c5 Kb5 45. Ke5 Bd7 46. Kd6 Bc6 47.
Ke6 Kc4 48. Bf6 f4 49. Kd6 Kb5 50. Bg5 e3 51. fxe3 f3 52. Bh4 Be4 53. Bf2 Bc6 54. Ke5 Kc4 55. e4 Kb3 56. Kd6 Bb5 57. c6 Kxa3 58.
c7 Ba6 59. b5 Bb7 60. Kd7 Kb4 61. b6 a3 62. c8=Q Bxc8+ 63. Kxc8 a2 64. Bd4 1-0

[Event "*** Titled Tuesday Blitz"]
[Site "Chess.com"]
[Date "2020.05.12"]
[Round "4"]
[White "MacDaddyMac"]
[Black "venus02"]
[Result "1/2-1/2"]
[WhiteElo "2273"]
[BlackElo "2319"]
[TimeControl "180+1"]
[EndTime "10:40:06 PDT"]
[Termination "Game drawn by repetition"]

1. e4 c5 2. Nc3 d6 3. f4 Nc6 4.
Nf3 g6 5. Bb5 Bg7 6. Bxc6+ bxc6 7.
O-O Bg4 8. d3 e6 9. Qe1 Bxf3 10.
Rxf3 Ne7 11. f5 exf5 12. exf5 Bd4+ 13. Kh1 O-O 14. f6 Nd5 15. Nxd5 cxd5 16. c3 Re8 17.
Qh4 Bxf6 18. Qf2 Bg7 19. Rxf7 Rf8 20. Rxf8+ Qxf8 21. Qxf8+ Rxf8 22. Be3 Re8 23. Re1 d4 24. Bd2 Rxe1+ 25. Bxe1 dxc3 26. bxc3 Kf7 27. c4 Ke6 28. g3 h5 29. Kg2 Kf5 30. Kf3 Bd4 31. h3 a6 32. Bd2 d5 33. g4+ hxg4+ 34. hxg4+ Ke6 35. Kf4 Bf6 36. Be3 Be7 37. Bf2 Kd6 38. Be1 Ke6 39. Ba5 Kd6 40. Bb6 Ke6 41. Bc7 Bf6 42. Bb8 Be7 43.
Ba7 Kd6 44. Bb8+ Ke6 45. Ba7 Kd6 46. Kf3 Ke5 47. Ke3 Bg5+ 48. Ke2 dxc4 49. Bxc5 Kd5 50. Be3 Bxe3 51. Kxe3 c3 52. a4 a5 53. g5 Kc5 54.
d4+ Kc4 55. d5 Kxd5 56. Kd3 Ke5 57. Kxc3 Kf5 58. Kc4 Kxg5 59. Kb5 Kf6 60. Kxa5 g5 61. Kb5 g4 62. a5 g3 63. a6 g2 64. a7 g1=Q 65.
a8=Q Qb1+ 66. Kc5 Qc2+ 67. Kb5 Qb3+ 68. Kc5 Qc3+ 69. Kb5 Qd3+ 70. Kc5 Qe3+ 71. Kb5 Qe5+ 72. Kc4 Qf4+ 73. Kc5 Qe3+ 74. Kc4 Qe2+ 75. Kc5 Qf2+ 76. Kc4 Qe2+ 77. Kc5 Qf2+ 78. Kb5 Qe2+ 79. Kc5 1/2-1/2

[Event "*** Titled Tuesday Blitz"]
[Site "Chess.com"]
[Date "2020.05.12"]
[Round "4"]
[White "BelaKis"]
[Black "SaqoChess_Twitch"]
[Result "1-0"]
[WhiteElo "2108"]
[BlackElo "2378"]
[TimeControl "180+1"]
[EndTime "10:40:07 PDT"]
[Termination "BelaKis won by resignation"]

1. Nf3 d5 2. g3 Nf6 3. Bg2 e6 4. O-O Be7 5. d3 O-O 6. a3 c5 7.
Nbd2 Nc6 8. c4 d4 9. b4 cxb4 10.
Qa4 bxa3 11. Bxa3 Bxa3 12. Qxa3 e5 13. Ng5 h6 14. Nge4 Nxe4 15. Nxe4 Bg4 16. Ra2 Qe7 17. Qxe7 Nxe7 18. Nd6 a5 19. Nxb7 Ra7 20. Nd6 a4 21. h3 Bh5 22. g4 Bg6 23. Rfa1 Ra6 24. Nb5 f5 25. Rxa4 Raf6 26. Ra6 fxg4 27. Rxf6 gxf6 28. hxg4 h5 29. Ra7 Rf7 30. Nd6 Rg7 31. gxh5 Bxh5 32. Kf1 Ng6 33. Rxg7+ Kxg7 34. c5 Nf4 35. f3 Ne6 36. c6 Kf8 37. Bh3 Nc7 38. Bg4 Be8 39.
Bd7 Bxd7 40. cxd7 Ke7 41. Ne4 Nd5 42. Kf2 Kxd7 43. Ng3 Ke6 44. Ne4 Ne3 45. Nc5+ Kd5 46. Ne4 f5 47. Nf6+ Ke6 48. Nh5 Kf7 49. Ng3 Kg6 50. Nh1 Kg5 51. Ke1 Kh4 52. Nf2 Kg3 53.
Nd1 Ng2+ 54. Kd2 Kh2 55. Nb2 Ne3 56. Nc4 Nf1+ 57. Ke1 Kg2 58. Nxe5 Ne3 59. Nc6 Nc2+ 60. Kd2 Ne3 61. Nxd4 f4 62. Ne6 Nd5 63. Nxf4+ Nxf4 64. e3 Ne6 65. f4 Kf3 66. f5 Ng5 67. e4 Kf4 68.
Kc3 Ke5 69. Kc4 Nf7 70. Kc5 Nd6 71. d4+ Kxe4 72. Kxd6 Kxf5 73. d5 1-0

[Event "*** Titled Tuesday Blitz"]
[Site "Chess.com"]
[Date "2020.05.12"]
[Round "4"]
[White "snowlord"]
[Black "LizaSolovyova"]
[Result "0-1"]
[WhiteElo "2752"]
[BlackElo "2596"]
[TimeControl "180+1"]
[EndTime "10:40:08 PDT"]
[Termination "LizaSolovyova won by checkmate"]

1. e4 e5 2. Nf3 d6 3. d4 Qe7 4.
Nc3 c6 5. dxe5 dxe5 6. a4 a5 7. Bc4 h6 8. O-O Nf6 9. b3 Qc7 10. Nh4 Bg4 11. f3 Bc5+ 12. Kh1 Bd7 13. Bb2 Bd4 14. f4 Bg4 15. Qd2 Nbd7 16. h3 h5 17.
Nf5 Bxf5 18. exf5 O-O-O 19. Qe1 exf4 20. Bxf7 Ne5 21. Be6+ Kb8 22. Nd1 f3 23. gxf3 Bxb2 24. Nxb2 Rd4 25. f4 Ned7 26. Nd3 c5 27. Ne5 Re4 28.
Nxd7+ Ka7 29. Qd2 Rd8 30. Qc3 Nxd7 31. Rad1 Qc6 32. Bd5 Qf6 33. Bxe4 Qxc3 34. Rd3 Qf6 35. Rfd1 Qh4 36. Bg2 Qxf4 37. Rxd7 Rxd7 38. Rxd7 Qc1+ 39. Kh2 Qf4+ 40. Kg1 Qe3+ 41. Kh1 Qc1+ 42. Kh2 Qf4+ 43. Kg1 Qe3+ 44. Kf1 Qf4+ 45. Ke2 Qxf5 46. Rxb7+ Ka6 47. Rb5 Qxc2+ 48. Kf1 Qd3+ 49. Kf2 Qd4+ 50. Kf1 g5 51. Bb7+ Ka7 52. Bg2 Ka6 53. Bb7+ Ka7 54. Bg2 g4 55. hxg4 hxg4 56. Rxa5+ Kb6 57. Rb5+ Kc7 58. Rb7+ Kc8 59.
a5 g3 60. Rf7 Qd1# 0-1

[Event "*** Titled Tuesday Blitz"]
[Site "Chess.com"]
[Date "2020.05.12"]
[Round "4"]
[White "DLR7"]
[Black "Niclox"]
[Result "1/2-1/2"]
[WhiteElo "2718"]
[BlackElo "2575"]
[TimeControl "180+1"]
[EndTime "10:40:08 PDT"]
[Termination "Game drawn - insufficient material"]

1. e4 c5 2. Nf3 d6 3. b4 cxb4 4. d4 Nf6 5. Bd3 g6 6. O-O Bg7 7. a3 bxa3 8. Nxa3 O-O 9. Re1 Bg4 10. h3 Bxf3 11. Qxf3 Nc6 12. c3 Rc8 13. Nc2 a6 14.
Bg5 Na5 15. Ra3 Nc4 16. Bxc4 Rxc4 17. Rb1 Qc8 18. Bxf6 Bxf6 19. Nb4 Re8 20. Nd5 Rc6 21. Nb6 Qd8 22. Nd5 Qc8 23. Nb6 Qb8 24. Nd5 Bg7 25. e5 Qc8 26. exd6 exd6 27. g4 h6 28. Kg2 Re6 29. Ra2 Qd7 30. Rab2 b5 31. Re2 Rxe2 32.
Qxe2 Rc4 33. Re1 Qe6 34. Qxe6 fxe6 35. Rxe6 a5 36. Rxd6 b4 37. cxb4 axb4 38. Rxg6 Kf7 39. Rb6 Bf8 40. Rb7+ Ke6 41. Nf4+ Kd6 42. Rb6+ Kc7 43.
Rb5 Kc6 44. Ra5 b3 45. Ra1 b2 46. Rb1 Ba3 47. Nd3 Rc1 48. Nxc1 bxc1=Q 49. Rxc1+ Bxc1 50. Kf3 Kd5 51. Kg3 Kxd4 52. f4 Ke4 53. f5 Ke5 54. Kh4 Kf6 55. Kh5 Bd2 56. h4 Bc1 57. g5+ hxg5 58. hxg5+ Bxg5 59. Kg4 Bc1 60. Kh5 Kxf5 1/2-1/2

[Event "*** Titled Tuesday Blitz"]
[Site "Chess.com"]
[Date "2020.05.12"]
[Round "4"]
[White "Oglob71"]
[Black "praveenb2002"]
[Result "1/2-1/2"]
[WhiteElo "2509"]
[BlackElo "2722"]
[TimeControl "180+1"]
[EndTime "10:40:08 PDT"]
[Termination "Game drawn by repetition"]

1. d4 d5 2. Nf3 Nf6 3. c4 c6 4. e3 Bf5 5. Nc3 e6 6. Nh4 Be4 7. f3 Bg6 8. Qb3 Qc7 9. Bd2 Nbd7 10. O-O-O Be7 11. Nxg6 hxg6 12. Kb1 a5 13. Be1 a4 14. Qc2 a3 15. cxd5 Nxd5 16. Bg3 Qb6 17. Nxd5 exd5 18. b3 Bf6 19. Bd6 Rc8 20. Rc1 Be7 21. Bxe7 Kxe7 22. Bd3 c5 23. dxc5 Rxc5 24. Qd2 Rhc8 25. Rxc5 Nxc5 26. Rc1 Rc6 27. Bc2 Ne6 28. Re1 Qc5 29. Re2 Kf8 30. h4 d4 31. Be4 Rc7 32. Re1 dxe3 33.
Qxe3 Qe5 34. Qd2 Qf6 35. Qb4+ Qe7 36. Qxe7+ Kxe7 37. Bd5 Rc5 38. Bxe6 fxe6 39. Re3 b5 40. b4 Rc4 41. Rxa3 Rxh4 42. Ra7+ Kf6 43. a3 Rh1+ 44. Kc2 Rh2 45. Rb7 Rxg2+ 46. Kb3 Rg5 47. a4 bxa4+ 48. Kxa4 Rf5 49. Rb8 Kg5 50. b5 Rxf3 51.
b6 Rf1 52. b7 Rb1 53. Ka5 e5 54. Ka6 Ra1+ 55. Kb6 Rb1+ 56. Kc7 Rc1+ 57. Kd6 Rd1+ 58. Kxe5 Re1+ 59. Kd6 Rd1+ 60. Ke7 Re1+ 61. Kf7 Rb1 62.
Kxg7 Rb6 63. Kf7 Kg4 64. Ke7 g5 65. Kd7 Rb1 66. Kc7 Rc1+ 67. Kd7 Rd1+ 68. Kc7 Rc1+ 69. Kd7 Rd1+ 70. Kc7 Rc1+ 1/2-1/2

[Event "*** Titled Tuesday Blitz"]
[Site "Chess.com"]
[Date "2020.05.12"]
[Round "4"]
[White "Shield12"]
[Black "Mr_Sinigami"]
[Result "1-0"]
[WhiteElo "2809"]
[BlackElo "2605"]
[TimeControl "180+1"]
[EndTime "10:40:09 PDT"]
[Termination "Shield12 won on time"]

1. d4 Nf6 2. c4 c5 3. Nf3 cxd4 4.
Nxd4 Nc6 5. Nc3 g6 6. e4 Bg7 7.
Be3 Ng4 8. Qxg4 Nxd4 9. Qd1 Nc6 10. Qd2 O-O 11. Be2 d6 12. O-O Be6 13. Rab1 Rc8 14.
b3 Qa5 15. Rfc1 Rfe8 16. f3 h5 17. Bf1 a6 18. Nd5 Qxd2 19. Bxd2 Bxd5 20. cxd5 Nd4 21. Bd3 e5 22. dxe6 fxe6 23. Kf2 Kf7 24. Bf4 Be5 25.
Be3 Nc6 26. f4 Bd4 27. Bxd4 Nxd4 28. Ke3 Nc6 29. Be2 Nb4 30. a4 Ke7 31. Kd2 a5 32. Bb5 Red8 33. g3 Rc5 34. Rxc5 dxc5+ 35. Kc3 b6 36. Bc4 Rd4 37. Re1 Na2+ 38. Kc2 Nb4+ 39.
Kc3 Na2+ 40. Kc2 Nb4+ 41. Kc1 Nd3+ 42. Bxd3 Rxd3 43. Kc2 Rf3 44. Re2 h4 45. Rg2 h3 46.
Re2 e5 47. f5 gxf5 48. exf5 Rxf5 49. g4 Rg5 50. Re3 Rxg4 51. Rxh3 Rg6 52. Kd3 Kd6 53.
Rh8 Rg4 54. h4 Rb4 55. Kc3 Kd5 56. h5 Rh4 57. h6 Ke4 58. Kc4 Ke3+ 59. Kd5 e4 60. h7 1-0

[Event "*** Titled Tuesday Blitz"]
[Site "Chess.com"]
[Date "2020.05.12"]
[Round "4"]
[White "martabartel"]
[Black "Yashasd1995"]
[Result "0-1"]
[WhiteElo "2293"]
[BlackElo "2582"]
[TimeControl "180+1"]
[EndTime "10:40:10 PDT"]
[Termination "Yashasd1995 won on time"]

1. d4 Nf6 2. Nf3 e6 3. Bg5 h6 4. Bxf6 Qxf6 5. e4 d6 6. Be2 Nd7 7. O-O b6 8. c4 Bb7 9. Nc3 a6 10.
Rc1 g5 11. Qd3 Bg7 12. Rfd1 g4 13. Ne1 h5 14. Nc2 Rd8 15. Ne3 c5 16. d5 Ne5 17.
Qc2 O-O 18. Rf1 Ng6 19. g3 Qg5 20. Ng2 Bd4 21. Kh1 Kg7 22. f4 gxf3 23. Rxf3 b5 24. Rcf1 bxc4 25. Bxc4 Ne5 26. Be2 Nxf3 27. Bxf3 exd5 28.
Nxd5 Bxd5 29. exd5 Rde8 30. Nh4 Re5 31. Be4 Kh8 32.
Bd3 Re3 33. Nf5 Ree8 34. Qg2 Be5 35. Qf3 Rb8 36. b3 Rb4 37. Bc4 a5 38. h4 Qg6 39.
Kh2 a4 40. Qg2 axb3 41. axb3 Rbb8 42. Qf3 Rb7 43. Qg2 Ra7 44. Qe2 Rfa8 45. Kh3 Ra2 46.
Qf3 Rd2 47. Ne7 Qg4+ 48. Qxg4 hxg4+ 49. Kxg4 f6 50. Rf3 Kg7 51. Nf5+ Kf7 52. Nh6+ Kg6 53. Nf5 Ra1 54. h5+ Kh7 55. Ne7 Rg1 56. Ng6 Rdg2 57. Nxe5 fxe5 58. Bd3+ Kg7 59. Be4 Re2 60. Bf5 Rd2 61.
Be6 e4 62. Rf7+ Kh6 0-1

[Event "*** Titled Tuesday Blitz"]
[Site "Chess.com"]
[Date "2020.05.12"]
[Round "4"]
[White "L_lorenzo"]
[Black "AustrianFalcon"]
[Result "1-0"]
[WhiteElo "2237"]
[BlackElo "2450"]
[TimeControl "180+1"]
[EndTime "10:40:10 PDT"]
[Termination "L_lorenzo won by checkmate"]

1. d4 Nf6 2. c4 c5 3. d5 e6 4. Nc3 exd5 5. cxd5 d6 6. e4 g6 7. Bg5 Bg7 8. Nf3 O-O 9. Be2 h6 10. Bf4 Re8 11. Nd2 a6 12. a4 Qe7 13. O-O g5 14. Bg3 Nfd7 15. Nc4 Ne5 16. Nb6 Ra7 17. Re1 Nbd7 18. Nxc8 Rxc8 19. a5 Raa8 20. Qc2 c4 21. Na4 Rab8 22. f3 b5 23. axb6 Nxb6 24. Nc3 Qb7 25.
Bf2 Nbd7 26. Ra2 Nc5 27. Rea1 Nb3 28. Rd1 a5 29. g3 Qb4 30. f4 gxf4 31. gxf4 Nd3 32.
Bxd3 cxd3 33. Qxd3 Bxc3 34. bxc3 Rxc3 35. Qf1 Qxe4 36.
Qg2+ Qxg2+ 37. Kxg2 Rbc8 38. Rb1 Kg7 39. Ra3 a4 40. Rxa4 Nd2 41. Bd4+ Kg6 42. Bxc3 Nxb1 43. Bb4 Nc3 44. Ra6 Kf5 45. Rxd6 Ne4 46. Rd7 Rc2+ 47. Kf3 Rf2+ 48. Ke3 Rxh2 49. Rxf7+ Nf6 50. Be7 Rh3+ 51. Kd4 Kg6 52. Rxf6+ Kg7 53. Re6 Rh1 54. f5 Rd1+ 55.
Ke5 h5 56. f6+ Kf7 57. Ra6 h4 58. d6 h3 59. Ra2 Rd2 60. Rxd2 Kg6 61. Rh2 Kf7 62.
Rxh3 Kg6 63. Rg3+ Kf7 64. Rg7+ Ke8 65. f7+ Kd7 66. f8=Q Kc6 67. Qc8+ Kb5 68. Rg5 Ka5 69. Ke6+ Kb6 70. Qc7+ Ka6 71. Ra5# 1-0

[Event "*** Titled Tuesday Blitz"]
[Site "Chess.com"]
[Date "2020.05.12"]
[Round "4"]
[White "tamarozi99"]
[Black "tufferguy"]
[Result "0-1"]
[WhiteElo "1966"]
[BlackElo "2366"]
[TimeControl "180+1"]
[EndTime "10:40:10 PDT"]
[Termination "tufferguy won by resignation"]

1. e4 e5 2. Nf3 Nc6 3. Bb5 a6 4. Ba4 Nf6 5. d3 Bc5 6. c3 b5 7. Bc2 d6 8. h3 O-O 9. O-O Bb7 10. Be3 Nd7 11. Nbd2 Ne7 12. d4 Bb6 13. d5 c6 14.
dxc6 Nxc6 15. Bxb6 Nxb6 16. Re1 Qf6 17. Nf1 Rad8 18. Ng3 g6 19. Qc1 Kg7 20. Qg5 Qxg5 21. Nxg5 Bc8 22. Rad1 h6 23. Nf3 Be6 24. b3 Kf6 25.
Nh2 Ke7 26. Ng4 Bxg4 27. hxg4 Rc8 28. Nf1 Nd8 29. Rd3 Ne6 30. g3 Rfd8 31. Ne3 a5 32. Red1 Nc5 33. Nd5+ Nxd5 34. Rxd5 Rb8 35. f4 f6 36. Kf2 Ne6 37. Kf3 Rbc8 38. R1d3 b4 39. c4 Nd4+ 40. Kf2 Nxc2 41. Rxa5 Nd4 42. Ra7+ Rd7 43. Ra4 Rcc7 44. Rxb4 Ra7 45. a4 Rdb7 46. Rxb7+ Rxb7 47. Ke3 Rxb3 48. Rxb3 Nxb3 49. Kd3 Nc5+ 50.
Kc3 Nxa4+ 51. Kb4 Nc5 52. fxe5 fxe5 53. Kb5 Nxe4 54. Kc6 g5 55. Kd5 Nxg3 56. c5 dxc5 57. Kxe5 c4 58. Kd4 Kf6 59. Kxc4 Ke5 60. Kd3 Kf4 61.
Kd2 Kxg4 62. Ke1 h5 63. Kf2 h4 64. Kg2 h3+ 65. Kh2 Nf5 66. Kh1 Kf3 67. Kh2 g4 68. Kh1 g3 69. Kg1 Nd4 70. Kh1 Ne6 71. Kg1 h2+ 72.
Kh1 g2+ 73. Kxh2 Kf2 0-1

[Event "*** Titled Tuesday Blitz"]
[Site "Chess.com"]
[Date "2020.05.12"]
[Round "4"]
[White "Manukyan_Artak"]
[Black "grzechu96"]
[Result "1-0"]
[WhiteElo "2428"]
[BlackElo "2593"]
[TimeControl "180+1"]
[EndTime "10:40:11 PDT"]
[Termination "Manukyan_Artak won on time"]

1. e4 e5 2. Nf3 Nc6 3. d4 exd4 4. Nxd4 Nf6 5. Nxc6 bxc6 6. e5 Qe7 7. Qe2 Nd5 8. c4 Nb6 9. b3 g6 10. g3 Bg7 11. Bb2 O-O 12. Bg2 d5 13. O-O Ba6 14. Nd2 Rfe8 15. Rfe1 Rad8 16. Rac1 Qe6 17. f4 Bf8 18. h4 dxc4 19. Nxc4 Nxc4 20. bxc4 Bb4 21. Red1 Bxc4 22. Qf2 Rxd1+ 23. Rxd1 Bxa2 24. Qxa7 Qb3 25. Ra1 Qxb2 26. Qxa2 Qd4+ 27. Kh2 c5 28. Bd5 Rf8 29. Rg1 Bd2 30. Rg2 Be3 31. e6 fxe6 32. Bxe6+ Kg7 33. Qd5 Qxd5 34. Bxd5 Rd8 35. Be6 Rd6 36.
f5 gxf5 37. Bxf5 c4 38. Rc2 Rc6 39. g4 c3 40. Kg3 Bd2 41. Kf3 Rc4 42. Be4 Kf6 43.
Bxh7 Ke5 44. h5 Kf6 45. Be4 Kg5 46. Bf5 Rf4+ 47. Ke2 Rd4 48. Ra2 Rd5 49. Ra4 Bf4 50. Rc4 Bd2 51. Rxc7 Re5+ 52. Kd3 Re3+ 53. Kc2 Re1 54.
Rc5 Kf6 55. Rc6+ Kg5 56. h6 Rh1 57. h7 Bf4 58. Kxc3 Be5+ 59. Kd3 Kf4 60. Rc8 Rh3+ 61. Ke2 Rh2+ 62. Kd1 Ke3 63. Re8 Kd4 64. Ke1 1-0

[Event "*** Titled Tuesday Blitz"]
[Site "Chess.com"]
[Date "2020.05.12"]
[Round "4"]
[White "alexsergeyev"]
[Black "amaidel"]
[Result "1-0"]
[WhiteElo "2371"]
[BlackElo "2534"]
[TimeControl "180+1"]
[EndTime "10:40:11 PDT"]
[Termination "alexsergeyev won on time"]

1. c4 f5 2. Nc3 Nf6 3. g3 e5 4. Bg2 d6 5. Nf3 g6 6. d4 e4 7. Nd2 Bg7 8. Nb3 O-O 9. Bg5 h6 10. Bxf6 Qxf6 11. e3 c6 12. O-O Na6 13. a3 Be6 14.
Qe2 Nc7 15. Rac1 Qf7 16. Nd2 d5 17. cxd5 Nxd5 18. Nxd5 Bxd5 19. Nc4 Rad8 20. Rc2 Rfe8 21.
Rfc1 g5 22. Kh1 f4 23. gxf4 gxf4 24. Qg4 f3 25. Bh3 Kh8 26. Qh4 Qf6 27. Qxf6 Bxf6 28. Rg1 Rg8 29. Rg3 Bxc4 30. Rxc4 Bh4 31. Rxg8+ Rxg8 32. Rc2 Re8 33. Bf5 Kg7 34. Kg1 Kf6 35. Bh3 Rd8 36. Kf1 Rd5 37. Rc5 Rxc5 38. dxc5 Ke5 39. Bc8 Kd5 40. b4 b6 41. cxb6 axb6 42. Bb7 Kd6 43. b5 cxb5 44. Bxe4 Bf6 45. Bxf3 Bb2 46.
Be2 Bxa3 47. Bxb5 Bb2 48. Bd3 Ke5 49. f4+ Kf6 50. Kf2 Bc1 51. Kf3 Bb2 52. e4 Bd4 53.
Kg4 Bc3 54. Kh5 Bd4 55. h3 Be3 56. e5+ Kg7 57. Kg4 h5+ 58. Kf5 h4 59. Kg5 Bd2 60. Bc4 Be3 61. Kg4 Bf2 62. Kf5 Bg3 63. Ke4 1-0